 Dungeon Crawl Stone Soup version 0.28-a0-43-g560ac104fe (webtiles) character file.

Game seed: 5288119226856240317

10512 Yggy the Cleaver (level 11, -18/98 (99) HPs)
             Began as a Deep Dwarf Fighter on July 28, 2021.
             Was a Priest of Yredelemnul.
             Demolished by a death knight (22 damage)
             ... on level 9 of the Dungeon.
             The game lasted 01:39:02 (8560 turns).

Yggy the Cleaver (Deep Dwarf Fighter)               Turns: 8560, Time: 01:39:03

HP:   -18/98 (99)   AC: 19    Str: 23    XL:     11   Next: 37%
MP:   0/1           EV: 10    Int:  9    God:    Yredelemnul [***...]
Gold: 234           SH: 11    Dex: 12    Spells: 10/10 levels left

rFire   . . .      SeeInvis +   J - +2 war axe
rCold   + . .      Faith    .   c - +0 kite shield
rNeg    . . .      Spirit   .   K - +7 Kryia's mail coat {PotionHeal*2 rC+}
rPois   .          Reflect  .   n - +0 helmet
rElec   .          Harm     .   q - +0 cloak
rCorr   .          Rampage  .   (no gloves)
Will    +....                   p - +0 pair of boots
Stlth   ..........              d - amulet of Weurixa {Acrobat SInv}
HPRegen 0.00/turn               N - +4 ring of slaying
MPRegen 0.07/turn               A - ring of see invisible

@: lightly drained
A: damage resistance, heal wounds, sense surroundings 2, no regeneration
a: Heal Wounds, Renounce Religion, Recall Undead Slaves, Injury Mirror, Animate
Dead


You were on level 9 of the Dungeon.
You worshipped Yredelemnul.
Yredelemnul was most pleased with you.
You visited 2 branches of the dungeon, and saw 11 of its levels.

You collected 568 gold pieces.
You spent 334 gold pieces at shops.

Inventory:

Hand Weapons
 g - a +2 short sword of draining
 t - a +0 falchion of holy wrath
 z - a +5 long sword
 C - a +4 scimitar
 J - a +2 war axe (weapon)
Missiles
 b - 56 bolts
 i - a curare-tipped dart
 m - 346 stones
 v - 96 arrows
 B - 14 boomerangs (quivered)
 G - 13 sling bullets
 H - 14 poisoned darts
Armour
 c - a +0 kite shield (worn)
 n - a +0 helmet (worn)
 p - a +0 pair of boots (worn)
 q - a +0 cloak (worn)
 K - the +7 Kryia's mail coat (worn) {PotionHeal*2 rC+}
   (You took it off a wight on level 7 of the Dungeon)

   Potions are twice as effective at healing its wearer.
   rC:        It protects you from cold.
 L - a +0 plate armour
Magical Staves
 o - a staff of air
 E - a staff of earth
Jewellery
 a - an amulet of regeneration
 d - the amulet of Weurixa (around neck) {Acrobat SInv}
   (You acquired it on level 3 of the Dungeon)

   [amulet of the acrobat]

   It increases your evasion while moving and waiting.
   SInv:      It lets you see invisible.
 f - a ring of wizardry
 k - a ring of flight
 s - a ring of ice
 w - a ring of wizardry
 A - a ring of see invisible (right hand)
 N - a +4 ring of slaying (left hand)
Wands
 r - a wand of charming (1)
Scrolls
 h - a scroll of silence
 l - 4 scrolls of noise
 y - 2 scrolls of teleportation
 D - a scroll of identify
 M - a scroll of amnesia {unknown}
 O - a scroll of immolation {unknown}
Potions
 e - a potion of flight
 j - a potion of magic
 u - 2 potions of degeneration
 x - 3 potions of curing
 F - a potion of attraction


   Skills:
 + Level 6.5 Fighting
 + Level 11.1(11.2) Axes
 + Level 1.5(6.7) Maces & Flails
 + Level 5.5 Throwing
 + Level 8.4 Armour
 + Level 3.5 Dodging
 + Level 1.1 Stealth
 + Level 8.5 Shields
 + Level 4.0 Invocations
 + Level 5.0 Evocations


You had 10 spell levels left.
You didn't know any spells.
Your spell library contained the following spells:

 Spells                   Type           Power      Damage    Failure   Level
 Blink                    Tloc           N/A        N/A       97%         2
 Ozocubu's Armour         Ice            0%         N/A       99%         3
 Manifold Assault         Tloc           0%         N/A       100%        5
 Ozocubu's Refrigeration  Ice            0%         4d5       100%        7
 Storm Form               Tmut/Air       0%         N/A       100%        7


Dungeon Overview and Level Annotations

Branches:
Dungeon (9/15)             Temple (0/1) D:7            Lair (2/6) D:8
  Swamp: Lair:2-4    Shoals: Lair:2-4     Snake: Lair:2-4    Spider: Lair:2-4
    Orc: D:9-12

Altars:
Kikubaaqudgha
Makhleb
Uskayaw
Yredelemnul

Shops:
D:6 =   D:7 *


Innate Abilities, Weirdness & Mutations

You are resistant to damage.
You can heal yourself by infusing magical energy.
You passively map the area around you.
You do not regenerate.


Message History

Your Invocations skill increases to level 4!
The death knight barely misses you.
Items here: $ )) [[.
You hit the death knight.
The death knight is lightly wounded.
The death knight reflects your damage back at you!
* * * LOW HITPOINT WARNING * * *
The death knight hits you but does no damage.
The death knight invokes the aid of Yredelemnul against you.
You resist with some effort.
Okay, then.
You hit the death knight.
The death knight is lightly wounded.
The death knight reflects your damage back at you!
You block the death knight's attack.
You hit the death knight.
The death knight is lightly wounded.
The death knight reflects your damage back at you!
* * * LOW HITPOINT WARNING * * *
You block the death knight's attack.
You hit the death knight.
The death knight is moderately wounded.
The death knight reflects your damage back at you!
The death knight's dark mirror aura disappears.
You block the death knight's attack.
You slash the death knight!
The death knight is heavily wounded.
The death knight hits you with a +0 great sword!!
* * * LOW HITPOINT WARNING * * *
You slash the death knight!
The death knight is severely wounded.
You block the death knight's attack.
You slash the death knight!
The death knight is severely wounded.
The death knight hits you but does no damage.
You slash the death knight!
The death knight is almost dead.
The death knight hits you with a +0 great sword!!
You die...
Your body rises from the dead as a mindless zombie.

* ####################
...............>.[.# *
*** ** *
##.###############.# , *
, ............# #.# * ,
,, ............# #.# ,# *
* ............# #.##.# ,
,
............######h...##*
* *
....).......#...@pz....#*
,*,
............#.########.#
, < , ............#.# .#
,, * ............#.. *
,,,.z * * ............###
* , **#, ##)########## ,
, * , #.# , , #.# , ,, *,
#.# ,,, , * **


You could see a death knight, a skeletal warrior and a wolf.

Vanquished Creatures
  A hydra (Lair:1)
  6 death yaks
  Pikel (D:4)
  A gargoyle (D:9)
  2 cane toads (Lair:1)
  A troll (D:7)
  Sigmund (D:3)
  A human (D:3)
  Grum (D:9)
  A steam dragon (D:7)
  2 water moccasins
  Edmund (D:4)
  Duvessa (D:7)
  5 sky beasts
  An ice beast (D:5)
  4 orc warriors
  An ogre (D:4)
  5 black bears
  A necrophage (D:6)
  A wolf (D:9)
  A centaur (D:6)
  3 lemures (D:4)
  2 kobold brigands
  A bullfrog (D:7)
  2 scorpions
  A wyvern skeleton (D:7)
  A water moccasin zombie (D:5)
  Dowan (D:7)
  A killer bee (D:7)
  4 wights
  4 jellies
  A howler monkey (D:9)
  A lava snake (D:7)
  A centaur zombie (D:7)
  4 orc priests
  Crazy Yiuf (D:2)
  A gnoll shaman (D:5)
  2 hounds
  2 centaur skeletons
  5 iguanas
  4 orc wizards
  5 gnolls (D:5)
  6 adders
  A shadow imp (D:6)
  An ufetubus (D:6)
  A dart slug (D:4)
  25 orcs
  8 ball pythons
  6 bats
  9 endoplasms
  A giant cockroach (D:1)
  6 goblins
  5 hobgoblins
  3 jackals (D:2)
  5 kobolds
  2 quokkas
  2 frilled lizards
  A kobold zombie (D:3)
  9 rats
177 creatures vanquished.

Vanquished Creatures (collateral kills)
  A cane toad (Lair:1)
  2 yaks (Lair:1)
  An orc warrior (D:9)
  A kobold brigand (D:9)
  An orc priest (D:8)
  An orc wizard (D:9)
  A white imp (D:7)
  An orc (D:8)
  5 kobolds
14 creatures vanquished.

Vanquished Creatures (others)
  A yak (Lair:1)
  A water moccasin (Lair:1)
  A wight (Lair:1)
  A centaur skeleton (D:7)
  2 death yak zombies (D:9)
  A hydra zombie (Lair:1)
  3 kobold zombies
  A hobgoblin zombie (D:8)
  An orc skeleton (D:9)
  9 orc zombies
  A sky beast zombie (D:7)
  A fungus (Lair:1)
  A plant (Lair:1)
24 creatures vanquished.

Grand Total: 215 creatures vanquished

Notes
Turn   | Place    | Note
-------+----------+-------------------------------------------
     0 | D:1      | Yggy the Deep Dwarf Fighter began the quest for the Orb.
     0 | D:1      | Reached XP level 1. HP: 20/20 MP: 1/1
   181 | D:1      | Reached XP level 2. HP: 25/27 MP: 1/1
  1063 | D:2      | Found a runed translucent door.
  1102 | D:2      | Noticed Crazy Yiuf
  1109 | D:2      | Killed Crazy Yiuf
  1110 | D:2      | Reached skill level 3 in Axes
  1110 | D:2      | Reached XP level 3. HP: 11/34 MP: 2/2
  1234 | D:2      | Reached XP level 4. HP: 42/42 MP: 3/3
  1390 | D:2      | Identified a scroll of acquirement
  2369 | D:3      | Found a runed translucent door.
  2369 | D:3      | Noticed a human
  2371 | D:3      | Found a basalt altar of Yredelemnul.
  2463 | D:3      | Killed a human
  2464 | D:3      | Reached skill level 4 in Axes
  2464 | D:3      | Reached XP level 5. HP: 36/49 MP: 4/4
  2485 | D:3      | Became a worshipper of Yredelemnul the Dark
  2573 | D:3      | Reached XP level 6. HP: 27/56 MP: 5/5
  2671 | D:3      | Noticed Sigmund
  2698 | D:3      | Acquired the amulet of Weurixa {Acrobat SInv}
  2718 | D:3      | Reached * piety under Yredelemnul
  2720 | D:3      | Killed Sigmund
  2721 | D:3      | Reached skill level 5 in Axes
  2920 | D:3      | Found a faded altar of an unknown god.
  3380 | D:4      | Noticed Edmund
  3394 | D:4      | Killed Edmund
  3395 | D:4      | Reached XP level 7. HP: 36/63 MP: 5/5
  3472 | D:4      | Reached skill level 5 in Armour
  3618 | D:4      | Reached skill level 6 in Axes
  3618 | D:4      | Reached skill level 1 in Dodging
  3706 | D:4      | Reached skill level 1 in Throwing
  3717 | D:4      | Reached skill level 5 in Shields
  4093 | D:4      | Noticed Pikel
  4139 | D:4      | Killed Pikel
  4140 | D:4      | Reached skill level 7 in Axes
  4140 | D:4      | Reached skill level 1 in Evocations
  4140 | D:4      | Reached XP level 8. HP: 43/73 MP: 5/5
  4406 | D:5      | Entered Level 5 of the Dungeon
  4581 | D:5      | Reached skill level 5 in Fighting
  4802 | D:5      | Reached skill level 1 in Maces & Flails
  4805 | D:5      | Reached skill level 8 in Axes
  4866 | D:5      | Reached ** piety under Yredelemnul
  4975 | D:5      | Gained mutation: You passively map the area around you.
                  | [Deep Dwarf growth]
  4975 | D:5      | Reached XP level 9. HP: 77/81 MP: 4/4
  5446 | D:6      | Found Imol's Jewellery Boutique.
  5469 | D:6      | Bought a ring of see invisible for 180 gold pieces
  5521 | D:6      | Reached skill level 9 in Axes
  5765 | D:7      | Found Ylez's General Store.
  5792 | D:7      | Bought a scroll of identify for 22 gold pieces
  5792 | D:7      | Bought a scroll of identify for 22 gold pieces
  5792 | D:7      | Bought a potion of curing for 33 gold pieces
  5792 | D:7      | Bought a potion of heal wounds for 55 gold pieces
  5823 | D:7      | Noticed Dowan
  5858 | D:7      | Noticed a troll
  5859 | D:7      | Noticed Duvessa
  5860 | D:7      | Killed Dowan
  5877 | D:7      | Killed a troll
  5890 | D:7      | Killed Duvessa
  5978 | D:7      | Found a staircase to the Ecumenical Temple.
  6202 | D:7      | Reached skill level 10 in Axes
  6506 | D:7      | Bought a scroll of fog for 22 gold pieces
  6598 | D:7      | Reached XP level 10. HP: 35/91 MP: 3/3
  6760 | D:7      | Found a burning altar of Makhleb.
  6773 | D:7      | Found an ancient bone altar of Kikubaaqudgha.
  6856 | D:7      | Reached skill level 1 in Invocations
  7048 | D:8      | Found a flagged portal.
  7140 | D:8      | Reached *** piety under Yredelemnul
  7196 | D:8      | Noticed a death yak
  7198 | D:8      | Noticed a death yak
  7198 | D:8      | Noticed a death yak
  7199 | D:8      | Noticed a death yak
  7201 | D:8      | Noticed a death yak
  7202 | D:8      | Noticed a death yak
  7261 | D:9      | Killed a death yak
  7479 | D:9      | Killed a death yak
  7480 | D:9      | Killed a death yak
  7481 | D:9      | Killed a death yak
  7482 | D:9      | Reached skill level 5 in Throwing
  7581 | D:8      | Killed a death yak
  7645 | D:8      | Killed a death yak
  7646 | D:8      | Reached XP level 11. HP: 52/98 MP: 2/2
  7697 | D:8      | Found a staircase to the Lair.
  7718 | Lair:1   | Entered Level 1 of the Lair of Beasts
  7718 | Lair:1   | Noticed a four-headed hydra
  7727 | Lair:1   | Killed a four-headed hydra
  7727 | Lair:1   | Received a gift from Yredelemnul (a wight)
  7728 | Lair:1   | Reached skill level 1 in Stealth
  8192 | D:8      | Reached skill level 11 in Axes
  8228 | D:8      | You fall into a shaft and drop 1 floor!
  8297 | D:9      | Found a hide-covered altar of Uskayaw.
  8515 | D:9      | Reached skill level 5 in Evocations
  8528 | D:9      | Noticed Grum
  8544 | D:9      | Noticed a death knight
  8545 | D:9      | Killed Grum
  8548 | D:9      | Noticed a skeletal warrior
  8557 | D:9      | HP: 4/98 [death knight (22)]
  8560 | D:9      | Demolished by a death knight

Illustrated notes

Levels and vault maps discovered:
D:1:      lemuel_arrival_river_bridge, layout_basic
D:2:      kennysheep_big_flooded_room, layout_basic, uniq_crazy_yiuf_cottage
D:3:      layout_rooms, dk_yredelemnul_ordeal, ebering_ecumenical_altar_hall,
          uniq_sigmund
D:4:      layout_basic, uniq_edmund, uniq_pikel
D:5:      layout_rooms
D:6:      layout_loops_ring, serial_shops, shop
D:7:      minmay_octagon_keep, layout_cave_pools, mainiacjoe_overflow_swirl,
          minmay_temple_entry_mini_moons, serial_shops, shop,
          kennysheep_opposing_triangles, uniq_duvessa
D:8:      layout_rooms, mainiacjoe_overflow_catwalk, dpeg_lair_monsters,
          enter_bailey_4, serial_shops, kennysheep_mini_moat, fountainhead
D:9:      layout_basic, eat_drink_and_be_merry_uskayaw, uniq_grum
Lair:1:   layout_small_grid, serial_rivers, chequers_serial_rivers_micro_b,
          chequers_serial_rivers_large_a, chequers_serial_rivers_large_b,
          chequers_serial_rivers_micro_c, lemuel_fruit_tree
Lair:2:   layout_cave_pods, grunt_forest_small_clearing_treed,
          serial_bayou_shore_b

Skill      XL: |  1  2  3  4  5  6  7  8  9 10 11 |
---------------+----------------------------------+-----
Fighting       | 3 4 5 6 |  6.5
Axes           | 3 4 5 7 8 10 11 | 11.1
Armour         | 4 5 6 7 8 |  8.4
Shields        | 4 5 6 8 |  8.5
Dodging        | 1 3 |  3.5
Throwing       | 1 2 3 5 |  5.5
Evocations     | 1 2 4 5 |  5.0
Maces & Flails | 1 |  1.5
Invocations    | 3 4 |  4.0
Stealth        | 1 |  1.1

Action                   |  1- 3 |  4- 6 |  7- 9 | 10-12 || total
-------------------------+-------+-------+-------+-------++-------
Melee: War axe           |    79 |   138 |   270 |   133 ||   620
       Dire flail        |       |       |    23 |       ||    23
       Whip              |       |       |    13 |       ||    13
       Short sword       |       |       |       |     9 ||     9
Throw: Stone             |       |    20 |    58 |       ||    78
       Boomerang         |       |       |    81 |    65 ||   146
Invok: Animate Remains   |       |       |     4 |     2 ||     6
       Animate Dead      |       |       |       |     5 ||     5
 Abil: Heal Wounds       |     2 |     5 |    11 |    12 ||    30
Evoke: Wand              |       |     2 |    11 |    22 ||    35
  Use: Scroll            |       |     8 |     7 |     1 ||    16
       Potion            |       |     1 |     7 |     2 ||    10
Armor: Chain mail        |    64 |    70 |   189 |       ||   323
       Scale mail        |       |       |       |    50 ||    50
Dodge: Dodged            |    24 |    34 |   122 |    56 ||   236
Block: Kite shield       |    51 |    64 |   184 |    91 ||   390

Table legend: (Time is in decaauts)
 A = Elapsed time spent in this place.
 B = Non-inter-level travel time spent in this place.
 C = Inter-level travel time spent in this place.
 D = Time resting spent in this place.
 E = Time spent auto-exploring this place.
 F = Levels seen in this place.
 G = Mean time per level.
                   A        B        C        D        E       F      G
               +--------+--------+--------+--------+--------+-----+--------+
         Total |   8802 |   8460 |    342 |   1018 |   3662 |  11 |  800.2 |
       Dungeon |   8401 |   8059 |    342 |    994 |   3658 |   9 |  933.4 |
          Lair |    401 |    401 |      0 |     24 |      4 |   2 |  200.5 |
               +--------+--------+--------+--------+--------+-----+--------+

Top non-repeatable levels by time:
     D:4: 1402 daAuts
     D:2: 1277 daAuts
     D:7: 1265 daAuts
     D:1: 1155 daAuts
     D:5: 730 daAuts
     D:3: 692 daAuts
     D:6: 639 daAuts
     D:9: 618 daAuts
     D:8: 618 daAuts
  Lair:1: 399 daAuts
  Lair:2: 1 daAuts
